 Dungeon Crawl Stone Soup version 0.31.0-9-g3a7656b989 (webtiles) character file.

Game seed: 10094587058048723033

392 qw the Ducker (level 6, -10/30 HPs)
             Began as a Spriggan Hunter on Feb 2, 2024.
             Mangled by an iguana (12 damage)
             ... on level 5 of the Dungeon.
             The game lasted 00:00:11 (2976 turns).

qw the Ducker (Spriggan Hunter)                     Turns: 2976, Time: 00:00:12

Health: -10/30     AC:  4    Str:  7    XL:     6   Next: 50%
Magic:  0/7        EV: 23    Int: 11    God:
Gold:   166        SH:  0    Dex: 26    Spells: 5/5 levels left

rFire   . . .        a - +1 shortbow
rCold   . . .        (shield currently unavailable)
rNeg    . . .        c - +0 robe
rPois   .            (helmet restricted)
rElec   .            h - +1 cloak
rCorr   .            (gloves unavailable)
SInv    +            (boots unavailable)
Will    +....        k - amulet of guardian spirit
Stlth   ++           j - +6 ring of dexterity
HPRegen 0.25/turn    (no ring)
MPRegen 0.10/turn

%: guardian spirit
@: about to teleport, very quick
A: very small, no large weapons, unfitting armour, see invisible, speed 3
a: no special abilities


You were on level 5 of the Dungeon.
You visited 1 branch of the dungeon, and saw 5 of its levels.

You collected 166 gold pieces.


Innate Abilities, Weirdness & Mutations

You are very small and have problems with some larger weapons.
You are too small for most types of armour.
You have supernaturally acute eyesight. (SInv)
You cover ground extremely quickly. (Speed+++)


   Skills:
 - Level 2.2 Fighting
 - Level 6.1 Ranged Weapons
 + Level 6.5 Dodging
 - Level 1.5 Stealth


You had 5 spell levels left.
You didn't know any spells.
Your spell library was empty.

Inventory:

Hand Weapons
 a - a +1 shortbow (weapon)
Armour
 c - a +0 robe (worn)
 h - a +1 cloak (worn)
Jewellery
 j - a +6 ring of dexterity (left hand)
 k - an amulet of guardian spirit (around neck)
Wands
 b - a wand of iceblast (12)
 i - a wand of flame (22)
 m - a wand of light (8)
Potions
 d - a potion of heal wounds {unknown}
 e - 2 potions of mutation
 f - a potion of enlightenment

Dungeon Overview and Level Annotations

Branches:
Dungeon (5/15)
 Temple: D:4-7

Altars:

Annotations:
D:4 3 runed translucent doors, qw's ghost, novice DEHu


Message History

The arrow hits the gnoll!
You kill the gnoll!
A gnoll comes into view. It is wielding a +0 club.
You shoot an arrow. The gnoll shouts!
The arrow hits the gnoll.
The gnoll is heavily wounded.
A gnoll comes into view. It is wielding a +0 halberd.
You shoot an arrow. The arrow hits the gnoll.
You kill the gnoll!
You shoot an arrow. The arrow hits the gnoll.
The gnoll is moderately wounded.
An iguana comes into view.
You shoot an arrow.
The arrow hits the gnoll but does no damage.
The gnoll is moderately wounded.
You shoot an arrow. The arrow hits the gnoll!
The gnoll is almost dead.
You shoot an arrow. The arrow closely misses the gnoll.
You shoot an arrow. The arrow hits the gnoll.
You kill the gnoll!
The gnoll completely misses you.
You shoot an arrow.
The arrow hits the gnoll but does no damage.
The gnoll barely misses you. The gnoll misses you.
You shoot an arrow. The arrow hits the iguana.
The iguana is lightly wounded.
The gnoll completely misses you. The iguana bites you!
You shoot an arrow. The arrow hits the iguana.
The iguana is heavily wounded.
The gnoll hits you from afar with a +0 halberd!
The iguana closely misses you.
You shoot an arrow. The arrow hits the iguana.
The iguana is severely wounded.
The gnoll completely misses you. The iguana bites you!
2976 ||| READING scroll of teleportation.
As you read the scroll of teleportation, it crumbles to dust.
You feel strangely unstable. The iguana bites you!
You die...

.......#
)......#
#.)....
######.....
#.........
#.......g
#......l#
#......@#####.#
#.............#
#.......####..#
#.......#
#.......#
#.......#
#.......#
........# .#
#.......####..#


You could see an iguana and a gnoll.

Vanquished Creatures
  A bombardier beetle (D:4)
  A gnoll bouda (D:5)
  An iguana (D:5)
  2 orc wizards (D:5)
  14 gnolls
  3 adders
  3 dart slugs
  3 ribbon worms
  8 orcs
  10 endoplasms
  5 goblins
  8 hobgoblins
  7 kobolds
  A quokka (D:4)
  2 ball pythons
  8 bats
  4 frilled lizards
  3 rats (D:1)
84 creatures vanquished.

Notes
Turn   | Place    | Note
-------+----------+-------------------------------------------
     0 | D:1      | qw the Spriggan Hunter began the quest for the Orb.
     0 | D:1      | Reached XP level 1. HP: 10/10 MP: 2/2
     0 | D:1      | 0 ||| qw: Version: 0.3-a-155-g5e7d8dd
     0 | D:1      | 0 ||| qw: Game counter: 2742
     0 | D:1      | 0 ||| qw: Melee chars always use a shield: true
     0 | D:1      | 0 ||| qw: God list: Okawaru
     0 | D:1      | 0 ||| qw: Allow faded altars: false
     0 | D:1      | 0 ||| qw: Do Orc after clearing Dungeon:15 true
     0 | D:1      | 0 ||| qw: Do second Lair branch before Depths: true
     0 | D:1      | 0 ||| qw: Lair rune preference: random
     0 | D:1      | 0 ||| qw: Goals: Normal
     0 | D:1      | 0 ||| PLANNING D:1-11
    43 | D:1      | Reached skill level 3 in Dodging
   221 | D:1      | Reached XP level 2. HP: 14/14 MP: 3/3
   763 | D:1      | Reached XP level 3. HP: 18/18 MP: 4/4
   796 | D:1      | 796 ||| UPGRADING to +0 cloak.
   801 | D:1      | 801 ||| UPGRADING to amulet of guardian spirit.
   806 | D:1      | 806 ||| UPGRADING to +6 ring of dexterity.
   807 | D:1      | 807 ||| READING scroll labelled COISMA SOLAMOPH.
   810 | D:1      | 810 ||| READING 4 scrolls labelled OCZOUS JOL.
   810 | D:1      | 810 ||| IDENTIFYING metallic black potion
   811 | D:1      | 811 ||| READING 3 scrolls of identify.
   811 | D:1      | 811 ||| IDENTIFYING blue potion
   812 | D:1      | 812 ||| READING 2 scrolls of identify.
   812 | D:1      | 812 ||| IDENTIFYING 2 sedimented puce potions
   813 | D:1      | 813 ||| READING scroll of identify.
   813 | D:1      | 813 ||| IDENTIFYING scroll labelled ROIGUI JIQO
   814 | D:1      | 814 ||| DROPPING scroll of butterflies.
   815 | D:1      | 815 ||| DROPPING scroll of fear.
   816 | D:1      | 816 ||| DROPPING potion of brilliance.
   891 | D:2      | 891 ||| RETREEEEATING.
   894 | D:2      | 894 ||| RETREEEEATING.
   941 | D:2      | Reached XP level 4. HP: 22/22 MP: 5/5
  1283 | D:2      | 1283 ||| FLEEEEING.
  1285 | D:2      | 1285 ||| FLEEEEING.
  1287 | D:2      | 1287 ||| FLEEEEING.
  1306 | D:2      | 1306 ||| READING 3 scrolls labelled ACRECY BATUKK.
  1307 | D:2      | 1307 ||| READING scroll labelled BAOSTE OPRANUAMPEV.
  1408 | D:2      | 1408 ||| DRINKING 2 gluggy blue potions.
  1409 | D:2      | 1409 ||| DROPPING 2 scrolls of revelation.
  1410 | D:2      | 1410 ||| DROPPING potion of attraction.
  1978 | D:3      | 1978 ||| READING scroll labelled OMEIKU JAISS.
  1978 | D:3      | 1978 ||| ENCHANTING +0 cloak.
  2016 | D:4      | 2016 ||| STAIRDANCE
  2126 | D:4      | Reached XP level 5. HP: 25/25 MP: 6/6
  2227 | D:4      | Reached skill level 6 in Dodging
  2512 | D:4      | Found a runed translucent gate.
  2512 | D:4      | Found a runed translucent gate.
  2513 | D:4      | Found a runed translucent gate.
  2550 | D:4      | Noticed qw's ghost (novice DEHu)
  2559 | D:4      | 2559 ||| READING scroll labelled BUCKUACHEWK.
  2559 | D:4      | 2559 ||| ENCHANTING +0 shortbow.
  2572 | D:5      | Entered Level 5 of the Dungeon
  2653 | D:5      | 2653 ||| DRINKING golden potion.
  2654 | D:5      | 2654 ||| DRINKING red potion.
  2764 | D:5      | Reached XP level 6. HP: 23/30 MP: 5/7
  2884 | D:5      | Reached skill level 6 in Ranged Weapons
  2975 | D:5      | HP: 2/30 [iguana (10)]
  2976 | D:5      | 2976 ||| READING scroll of teleportation.
  2976 | D:5      | Mangled by an iguana

Levels and vault maps discovered:
D:1:      minmay_arrival_open_corners, layout_basic, serial_curves,
          eino_curves_02, eino_curves_02
D:2:      layout_basic, grunt_ministairs_3
D:3:      layout_loops_ring
D:4:      layout_loops_ring, gammafunk_ghost_necromancy
D:5:      layout_basic

Skill      XL: |  1  2  3  4  5  6 |
---------------+-------------------+-----
Dodging        | 3 4 5 6 |  6.5
Ranged Weapons | 5 6 |  6.1
Fighting       | 2 |  2.2
Stealth        | |  1.5

Action                     |  1- 3 |  4- 6 || total
---------------------------+-------+-------++-------
   Fire: Shortbow          |    93 |   144 ||   237
    Use: Scroll            |     5 |     5 ||    10
         Potion            |       |     3 ||     3
 Armour: Robe              |     6 |    19 ||    25
  Dodge: Dodged            |    26 |    58 ||    84

Table legend:
 A = Non-vault XP
 B = Vault XP
 C = Vault XP percentage of total XP
 D = Non-vault monster count
 E = Vault monster count
 F = Vault count percentage of total count
                 A         B        C        D         E       F
            +---------+---------+-------+---------+---------+-------
      Total |     554 |       6 |   1.1 |      82 |       2 |   2.4
            +---------+---------+-------+---------+---------+-------
        D:1 |      41 |       0 |   0.0 |      24 |       0 |   0.0
        D:2 |      81 |       6 |   6.9 |      16 |       2 |  11.1
        D:3 |      30 |       0 |   0.0 |       9 |       0 |   0.0
        D:4 |      78 |       0 |   0.0 |      11 |       0 |   0.0
        D:5 |     324 |       0 |   0.0 |      22 |       0 |   0.0
            +---------+---------+-------+---------+---------+-------
